Crunch vs Wolfpack
(R1)
Created - November 8, 2024 at 19:26
Goals
|
| Crunch |
1 |
0 |
2 |
0 |
3 |
| Wolfpack |
1 |
2 |
0 |
1 |
4 |
|
Shots
|
| Crunch |
10 |
5 |
16 |
0 |
31 |
| Wolfpack |
8 |
9 |
10 |
3 |
30 |
|
1st period
1. Crunch , Jeremy Bracco 4 (Maxime Comtois 5, Jean-Sebastien Dea 6) at 0:47
2. Wolfpack , Dryden Hunt 2 (Nolan Patrick 5, Alex Barre-Boulet 4) at 14:27
Penalties :
Jake Marchment (Har) for Roughing (Minor) at 9:08, Liam Foudy (Syr) for Tripping (Minor) at 16:55
2nd period
3. Wolfpack , Owen Tippet 2 (Derrick Pouliot 9, Alex Barre-Boulet 5) at 4:25
4. Wolfpack , Alex Barre-Boulet 3 (Owen Tippet 5, Alexander Barabanov 3) at 18:01
Penalties :
Liam Foudy (Syr) for Roughing (Minor) at 7:00, Jakub Lauko (Har) for Holding Stick (Minor) at 9:10
3rd period
5. Crunch , Jeremy Bracco 5 (Maxime Comtois 6, Adam Boqvist 4) at 0:42
6. Crunch , Ty Dellandrea 3 (Dylan Cozens 4, Adam Boqvist 5) at 2:44 (PP)
Penalties :
Yegor Korshkov (Har) for Roughing (Minor) at 1:43, Alexander Barabanov (Har) for Holding (Minor) at 7:42, Adam Boqvist (Syr) for Hooking (Minor) at 16:28, Maxime Comtois (Syr) for Holding (Minor) at 19:46
Overtime #1
7. Wolfpack , Alex Barre-Boulet 4 (Alexander Barabanov 4, Derrick Pouliot 10) at 0:46 (PP)
Penalties :
No Penalty
Goalie Stats
Ukko-Pekka Luukkonen (Syr), 26 saves from 30 shots - (0.867), OTL, 2-1-2, 60:46 minutes
Charlie Lindgren (Har), 28 saves from 31 shots - (0.903), W, 2-3-0, 60:46 minutes
Players Stats for Crunch
Player Name G A P +/- PIM S H SB GA TA FO MP PP MP PK MP
------------------------------------------------------------------------------------
Adam Boqvist 0 2 2 2 2 2 1 0 0 1 0/0 25:45 3:55 2:20
Anatoli Golyshev 0 0 0 0 0 3 3 0 0 0 0/0 16:14 0:36 2:17
Brandon Biro 0 0 0 0 0 1 1 1 1 0 0/0 11:02 0:00 0:00
Cam Hillis 0 0 0 -1 0 1 0 0 0 0 1/3 6:28 0:00 0:00
Connor Bunnaman 0 0 0 0 0 0 0 0 0 0 6/12 14:42 0:00 1:33
Dylan Cozens 0 1 1 0 0 2 2 0 0 0 5/6 15:11 3:23 0:36
Gustav Lindstrom 0 0 0 -1 0 0 0 0 0 0 0/0 15:05 0:36 3:40
Jean-Sebastien Dea 0 1 1 0 0 5 2 1 0 0 21/34 23:24 3:15 4:16
Jeremy Bracco 2 0 2 0 0 6 3 0 1 0 1/1 19:10 3:19 0:00
Joe Veleno 0 0 0 -1 0 0 2 0 0 0 0/0 10:59 3:23 1:20
Liam Foudy 0 0 0 0 4 0 0 2 1 0 0/0 13:39 0:07 0:00
Maxime Comtois 0 2 2 0 2 7 2 0 0 1 1/1 22:17 3:12 3:04
Michael Joly 0 0 0 -1 0 0 2 0 0 0 0/0 6:56 0:16 0:00
Nils Lundkvist 0 0 0 -2 0 0 0 0 0 1 0/0 20:33 2:27 3:16
Ryan Lindgren 0 0 0 2 0 2 3 0 0 1 0/0 28:34 4:30 3:40
Scott Perunovich 0 0 0 -2 0 0 1 0 1 1 0/0 11:38 0:00 0:56
Thomas Harley 0 0 0 -1 0 0 1 1 0 0 0/0 19:57 2:28 0:00
Ty Dellandrea 1 0 1 0 0 2 2 0 0 0 0/0 14:30 3:23 0:00
Players Stats for Wolfpack
Player Name G A P +/- PIM S H SB GA TA FO MP PP MP PK MP
------------------------------------------------------------------------------------
Alex Barre-Boulet 2 2 4 2 0 4 4 0 0 0 6/15 18:35 2:39 1:45
Alexander Barabanov 0 2 2 2 2 3 5 0 1 0 0/0 18:21 2:39 1:33
Alexander Volkov 0 0 0 0 0 1 2 0 0 1 0/0 6:49 0:00 0:00
Cale Fleury 0 0 0 1 0 0 1 1 0 0 0/0 13:07 0:00 0:00
Colton White 0 0 0 1 0 1 2 3 0 0 0/0 27:26 3:04 4:03
Derrick Pouliot 0 2 2 1 0 2 1 0 1 0 0/0 27:26 3:04 4:03
Dryden Hunt 1 0 1 0 0 4 1 0 0 0 3/3 23:53 3:23 3:51
Jake Marchment 0 0 0 -1 2 0 2 1 0 0 1/3 11:40 0:08 0:55
Jakub Lauko 0 0 0 0 2 1 0 0 0 0 0/0 7:32 0:00 0:15
Joshua Jacobs 0 0 0 1 0 0 0 1 0 0 0/0 13:07 0:00 0:00
K'Andre Miller 0 0 0 -1 0 0 1 0 1 0 0/0 20:13 3:06 2:55
Linus Sandin 0 0 0 -1 0 1 2 1 0 0 0/0 10:08 0:08 0:00
Nolan Patrick 0 1 1 0 0 1 3 1 0 0 11/28 23:45 3:23 3:49
Owen Tippet 1 1 2 2 0 4 1 1 1 1 0/2 16:30 2:39 0:00
Ryan Culkin 0 0 0 -1 0 3 3 1 0 0 0/0 20:13 3:06 2:55
Sebastian Collberg 0 0 0 0 0 4 0 0 1 1 1/2 18:33 3:23 0:00
Shane Pinto 0 0 0 0 0 0 1 0 0 1 0/3 7:09 0:00 0:20
Yegor Korshkov 0 0 0 -1 2 1 1 0 0 0 0/1 11:35 0:08 1:28
3 Stars
1 - Alex Barre-Boulet (Har)
2 - Jeremy Bracco (Syr)
3 - Owen Tippet (Har)
Power Play
Crunch - 1 on 4 Attempt(s) - 25.00%
Wolfpack - 1 on 4 Attempt(s) - 25.00%
Penalty Kill
Crunch - 3 on 4 Attempt(s) - 75.00%
- Score 0 goal in Penalty Kill
Wolfpack - 3 on 4 Attempt(s) - 75.00%
- Score 0 goal in Penalty Kill
Team Stat
Crunch - Hits : 25 - Faceoff Wins : 35 - Blocked Shots : 5 - Penalty Minutes : 8
Wolfpack - Hits : 30 - Faceoff Wins : 22 - Blocked Shots : 10 - Penalty Minutes : 8
Official
Referees : Brandon Blandina and Conor O'Donnell
Linesman : Kyle Flemington and Scott Cherrey
Game Notes
No Game Note
Finance
Level 1 -- Attendance: 1844 (92.20%) -- Ticket Income $129,080
Level 2 -- Attendance: 1000 (100.00%) -- Ticket Income $40,000
Total Attendance: 2844 (94.80%)
Total Ticket Income: $169,080
Other Income: $8,454
Total Income: $177,534
Crunch
5 vs 5 Forward
Center Left Wing Right Wing Time % Phy DF OF
1 Jean-Sebastien Dea Maxime Comtois Jeremy Bracco 40 1 2 2
2 Connor Bunnaman Anatoli Golyshev Liam Foudy 30 1 2 2
3 Dylan Cozens Brandon Biro Ty Dellandrea 20 1 2 2
4 Cam Hillis Joe Veleno Michael Joly 10 1 2 2
5 vs 5 Defense
Defense Defense Time % Phy DF OF
1 Ryan Lindgren Adam Boqvist 40 1 2 2
2 Nils Lundkvist Thomas Harley 30 1 2 2
3 Scott Perunovich Gustav Lindstrom 20 1 2 2
4 Ryan Lindgren Thomas Harley 10 1 2 2
PowerPlay Forward
Center Left Wing Right Wing Time % Phy DF OF
1 Jean-Sebastien Dea Maxime Comtois Jeremy Bracco 60 1 2 2
2 Dylan Cozens Joe Veleno Ty Dellandrea 40 1 2 2
PowerPlay Defense
Defense Defense Time % Phy DF OF
1 Ryan Lindgren Adam Boqvist 60 1 2 2
2 Nils Lundkvist Thomas Harley 40 1 2 2
Penalty Kill 4 Players Forward
Center Wing Time % Phy DF OF
1 Jean-Sebastien Dea Maxime Comtois 60 1 2 2
2 Connor Bunnaman Anatoli Golyshev 40 1 2 2
Penalty Kill 4 Players Defense
Defense Defense Time % Phy DF OF
1 Ryan Lindgren Gustav Lindstrom 60 1 2 2
2 Nils Lundkvist Adam Boqvist 40 1 2 2
Penalty Kill - 3 Players Forward
Forward Time % Phy DF OF
1 Jean-Sebastien Dea 60 1 2 2
2 Connor Bunnaman 40 1 2 2
Penalty Kill - 3 Players Defense
Defense Defense Time % Phy DF OF
1 Ryan Lindgren Gustav Lindstrom 60 1 2 2
2 Nils Lundkvist Adam Boqvist 40 1 2 2
4 vs 4 Forward
Center Wing Time % Phy DF OF
1 Jean-Sebastien Dea Maxime Comtois 60 1 2 2
2 Connor Bunnaman Anatoli Golyshev 40 1 2 2
4 vs 4 Defense
Defense Defense Time % Phy DF OF
1 Ryan Lindgren Gustav Lindstrom 60 1 2 2
2 Nils Lundkvist Adam Boqvist 40 1 2 2
Last Minutes Offensive
Center Left Wing Right Wing Defense Defense
Jean-Sebastien Dea Maxime Comtois Jeremy Bracco Ryan Lindgren Gustav Lindstrom
Last Minutes Defensive
Center Left Wing Right Wing Defense Defense
Jean-Sebastien Dea Maxime Comtois Jeremy Bracco Ryan Lindgren Gustav Lindstrom
Goaltenders
Starting : Ukko-Pekka Luukkonen
Backup : Kaapo Kahkonen
Extra Forwards
Normal : Anatoli Golyshev, Michael Joly, Liam Foudy - PP : Anatoli Golyshev, Michael Joly - PK : Anatoli Golyshev
Extra Defensemen
Normal : Adam Boqvist, Scott Perunovich, Thomas Harley - PP : Adam Boqvist - PK : Adam Boqvist, Scott Perunovich
Penalty Shots
Jean-Sebastien Dea, Maxime Comtois, Jeremy Bracco, Connor Bunnaman, Anatoli Golyshev
Custom OT Lines Forwards
Jean-Sebastien Dea, Maxime Comtois, Jeremy Bracco, Connor Bunnaman, Anatoli Golyshev, Michael Joly, Liam Foudy, Brandon Biro, Ty Dellandrea, Joe Veleno
Custom OT Lines Defensemen
Ryan Lindgren, Gustav Lindstrom, Nils Lundkvist, Adam Boqvist, Thomas Harley
Scratches
Blake Lizotte (Healthy), Michael Downing (Healthy), Sean Walker (Healthy), Blake Hillman (Healthy), Lukas Dostal (Healthy)
Josef Korenar (Healthy)
Wolfpack
5 vs 5 Forward
Center Left Wing Right Wing Time % Phy DF OF
1 Nolan Patrick Dryden Hunt Sebastian Collberg 40 1 2 2
2 Alex Barre-Boulet Alexander Barabanov Owen Tippet 30 1 2 2
3 Jake Marchment Yegor Korshkov Linus Sandin 20 1 2 2
4 Shane Pinto Jakub Lauko Alexander Volkov 10 1 2 2
5 vs 5 Defense
Defense Defense Time % Phy DF OF
1 Derrick Pouliot Colton White 40 1 2 2
2 Ryan Culkin K'Andre Miller 30 1 2 2
3 Cale Fleury Joshua Jacobs 20 1 2 2
4 Derrick Pouliot Colton White 10 1 2 2
PowerPlay Forward
Center Left Wing Right Wing Time % Phy DF OF
1 Nolan Patrick Dryden Hunt Sebastian Collberg 60 1 2 2
2 Alex Barre-Boulet Alexander Barabanov Owen Tippet 40 1 2 2
PowerPlay Defense
Defense Defense Time % Phy DF OF
1 Derrick Pouliot Colton White 60 1 2 2
2 Ryan Culkin K'Andre Miller 40 1 2 2
Penalty Kill 4 Players Forward
Center Wing Time % Phy DF OF
1 Nolan Patrick Dryden Hunt 60 1 2 2
2 Alex Barre-Boulet Alexander Barabanov 40 1 2 2
Penalty Kill 4 Players Defense
Defense Defense Time % Phy DF OF
1 Derrick Pouliot Colton White 60 1 2 2
2 Ryan Culkin K'Andre Miller 40 1 2 2
Penalty Kill - 3 Players Forward
Forward Time % Phy DF OF
1 Nolan Patrick 60 1 2 2
2 Alex Barre-Boulet 40 1 2 2
Penalty Kill - 3 Players Defense
Defense Defense Time % Phy DF OF
1 Derrick Pouliot Colton White 60 1 2 2
2 Ryan Culkin K'Andre Miller 40 1 2 2
4 vs 4 Forward
Center Wing Time % Phy DF OF
1 Nolan Patrick Dryden Hunt 60 1 2 2
2 Alex Barre-Boulet Alexander Barabanov 40 1 2 2
4 vs 4 Defense
Defense Defense Time % Phy DF OF
1 Derrick Pouliot Colton White 60 1 2 2
2 Ryan Culkin K'Andre Miller 40 1 2 2
Last Minutes Offensive
Center Left Wing Right Wing Defense Defense
Nolan Patrick Dryden Hunt Sebastian Collberg Derrick Pouliot Colton White
Last Minutes Defensive
Center Left Wing Right Wing Defense Defense
Nolan Patrick Dryden Hunt Sebastian Collberg Derrick Pouliot Colton White
Goaltenders
Starting : Charlie Lindgren
Backup : Samuel Ersson
Extra Forwards
Normal : Alexander Barabanov, Alex Barre-Boulet, Jake Marchment - PP : Alexander Barabanov, Alex Barre-Boulet - PK : Alexander Barabanov
Extra Defensemen
Normal : K'Andre Miller, Cale Fleury, Joshua Jacobs - PP : K'Andre Miller - PK : K'Andre Miller, Cale Fleury
Penalty Shots
Sebastian Collberg, Nolan Patrick, Owen Tippet, Dryden Hunt, Alexander Barabanov
Custom OT Lines Forwards
Sebastian Collberg, Nolan Patrick, Owen Tippet, Dryden Hunt, Alexander Barabanov, Alex Barre-Boulet, Jake Marchment, Linus Sandin, Alexander Volkov, Yegor Korshkov
Custom OT Lines Defensemen
Derrick Pouliot, Colton White, Ryan Culkin, K'Andre Miller, Cale Fleury
Scratches
Ryan Poehling (Healthy), Mason Shaw (Healthy), Ben Jones (Healthy), Samuel Houde (Healthy), Dylan Samberg (Healthy)
Mikhail Vorobyev (Healthy), Andrew Peeke (Healthy), Dante Fabbro (Healthy), Jeffrey Viel (Healthy), Jack Drury (Healthy)
Martin Kaut (Healthy), Mathias Laferriere (Healthy), Maxwell Crozier (Healthy), Will Francis (Healthy), Andrei Altybarmakyan (Fractured Orbital Bone Injury)
Dustin Wolf (Healthy)
% Time on Ice - Crunch
Lines # - Real PCT - Wanted PCT - Time Play
Normal Forward
1 - 34% - 40% - 16:08
2 - 28% - 30% - 13:14
3 - 24% - 20% - 11:02
4 - 14% - 10% - 6:28
Normal Defense
1 - 39% - 40% - 18:25
2 - 33% - 30% - 15:18
3 - 22% - 20% - 10:15
4 - 6% - 10% - 2:54
PP Forward
1 - 51% - 60% - 3:35
2 - 49% - 40% - 3:23
PP Defense
1 - 65% - 60% - 4:30
2 - 35% - 40% - 2:28
PK Forward
1 - 75% - 60% - 4:37
2 - 25% - 40% - 1:33
PK Defense
1 - 52% - 60% - 3:13
2 - 48% - 40% - 2:57
PK3 Forward
1 - 100% - 60% - 0:46
2 - 0% - 40% - 0:00
PK3 Defense
1 - 59% - 60% - 0:27
2 - 41% - 40% - 0:19
44 Forward
1 - 0% - 60%
2 - 0% - 40%
44 Defense
1 - 0% - 60%
2 - 0% - 40%
Last Minute Offensive - 0:00
Last Minute Defensive - 0:00
Total
Forward - 60:46
Defense - 60:46
|
% Time on Ice - Wolfpack
Lines # - Real PCT - Wanted PCT - Time Play
Normal Forward
1 - 34% - 40% - 16:10
2 - 30% - 30% - 13:55
3 - 21% - 20% - 9:58
4 - 15% - 10% - 6:49
Normal Defense
1 - 39% - 40% - 18:17
2 - 30% - 30% - 14:12
3 - 28% - 20% - 13:07
4 - 3% - 10% - 1:16
PP Forward
1 - 57% - 60% - 3:31
2 - 43% - 40% - 2:39
PP Defense
1 - 50% - 60% - 3:04
2 - 50% - 40% - 3:06
PK Forward
1 - 75% - 60% - 5:13
2 - 25% - 40% - 1:45
PK Defense
1 - 58% - 60% - 4:03
2 - 42% - 40% - 2:55
PK3 Forward
1 - 0% - 60%
2 - 0% - 40%
PK3 Defense
1 - 0% - 60%
2 - 0% - 40%
44 Forward
1 - 85% - 60% - 0:39
2 - 15% - 40% - 0:07
44 Defense
1 - 100% - 60% - 0:46
2 - 0% - 40% - 0:00
Last Minute Offensive - 0:00
Last Minute Defensive - 0:00
Total
Forward - 60:46
Defense - 60:46
|
Play-by-Play
1st period
0:01 of 1st period - Dryden Hunt wins face-off versus Jean-Sebastien Dea in neutral zone.
0:26 of 1st period - Maxime Comtois is hit by Yegor Korshkov and loses puck.
0:33 of 1st period - Snap shot by Yegor Korshkov.
0:33 of 1st period - Stopped by Ukko-Pekka Luukkonen with a rebound.
0:43 of 1st period - Snap shot by Maxime Comtois.
0:43 of 1st period - Stopped by Charlie Lindgren with a rebound.
0:45 of 1st period - Backhand shot by Jeremy Bracco.
0:45 of 1st period - Shot Misses the Net.
0:47 of 1st period - Snap shot by Jeremy Bracco.
0:47 of 1st period - Goal by Jeremy Bracco - Crunch : 1 - Wolfpack : 0.
0:48 of 1st period - Connor Bunnaman wins face-off versus Owen Tippet in neutral zone.
1:10 of 1st period - Icing by Joshua Jacobs.
1:11 of 1st period - Dylan Cozens wins face-off versus Alex Barre-Boulet in Wolfpack zone.
1:29 of 1st period - Off-side.
1:30 of 1st period - Nolan Patrick wins face-off versus Cam Hillis in neutral zone.
2:00 of 1st period - Backhand shot by Alexander Volkov.
2:00 of 1st period - Shot Misses the Net.
2:06 of 1st period - Alexander Volkov is hit by Thomas Harley and loses puck.
2:23 of 1st period - Off-side.
2:24 of 1st period - Jean-Sebastien Dea wins face-off versus Jake Marchment in neutral zone.
2:31 of 1st period - Snap shot by Maxime Comtois.
2:31 of 1st period - Shot Misses the Net.
2:33 of 1st period - Snap shot by Jean-Sebastien Dea.
2:33 of 1st period - Stopped by Charlie Lindgren with a rebound.
2:49 of 1st period - Gustav Lindstrom is hit by Colton White.
2:57 of 1st period - Slapshot by Nolan Patrick.
2:57 of 1st period - Shot Misses the Net.
2:59 of 1st period - Snap shot by Derrick Pouliot.
2:59 of 1st period - Deflect By Nils Lundkvist.
2:59 of 1st period - Stopped by Ukko-Pekka Luukkonen with a rebound.
3:11 of 1st period - Alex Barre-Boulet is hit by Dylan Cozens and loses puck.
3:32 of 1st period - Thomas Harley is hit by Alexander Volkov and loses puck.
3:50 of 1st period - Nils Lundkvist is hit by Ryan Culkin and loses puck.
4:13 of 1st period - Snap shot by Anatoli Golyshev.
4:13 of 1st period - Stopped by Charlie Lindgren without a rebound.
4:14 of 1st period - Connor Bunnaman wins face-off versus Alex Barre-Boulet in Wolfpack zone.
4:19 of 1st period - Backhand shot by Anatoli Golyshev.
4:19 of 1st period - Shot Blocked by Colton White.
5:00 of 1st period - Wrist shot by Michael Joly.
5:00 of 1st period - Deflect By Cam Hillis.
5:00 of 1st period - Stopped by Charlie Lindgren without a rebound.
5:01 of 1st period - Cam Hillis wins face-off versus Alex Barre-Boulet in Wolfpack zone.
5:32 of 1st period - Jake Marchment is hit by Maxime Comtois and loses puck.
5:37 of 1st period - Slapshot by Jeremy Bracco.
5:37 of 1st period - Shot Blocked by Linus Sandin.
5:39 of 1st period - Slapshot by Gustav Lindstrom.
5:39 of 1st period - Shot Blocked by Joshua Jacobs.
6:59 of 1st period - Slapshot by Sebastian Collberg.
6:59 of 1st period - Stopped by Ukko-Pekka Luukkonen with a rebound.
7:05 of 1st period - Joshua Jacobs is hit by Maxime Comtois.
7:41 of 1st period - Slapshot by Ryan Culkin.
7:41 of 1st period - Stopped by Ukko-Pekka Luukkonen without a rebound.
7:42 of 1st period - Dylan Cozens wins face-off versus Shane Pinto in Crunch zone.
7:52 of 1st period - Ryan Lindgren is hit by Alexander Volkov and loses puck.
8:07 of 1st period - K'Andre Miller is hit by Ryan Lindgren and loses puck.
8:24 of 1st period - Slapshot by Ryan Culkin.
8:24 of 1st period - Deflect By Nils Lundkvist.
8:24 of 1st period - Stopped by Ukko-Pekka Luukkonen without a rebound.
8:25 of 1st period - Jean-Sebastien Dea wins face-off versus Alex Barre-Boulet in Crunch zone.
8:50 of 1st period - Maxime Comtois is hit by Colton White and loses puck.
9:08 of 1st period - Minor Penalty to Jake Marchment for Roughing.
9:09 of 1st period - Dylan Cozens wins face-off versus Nolan Patrick in Wolfpack zone.
10:51 of 1st period - Joe Veleno is hit by Alex Barre-Boulet and loses puck.
11:08 of 1st period - Penalty to Jake Marchment is over, Jake Marchment is back on ice.
11:13 of 1st period - K'Andre Miller is hit by Anatoli Golyshev and loses puck.
11:36 of 1st period - Snap shot by Nolan Patrick.
11:36 of 1st period - Stopped by Ukko-Pekka Luukkonen without a rebound.
11:37 of 1st period - Alex Barre-Boulet wins face-off versus Connor Bunnaman in Crunch zone.
11:40 of 1st period - Wrist shot by Owen Tippet.
11:40 of 1st period - Stopped by Ukko-Pekka Luukkonen without a rebound.
11:41 of 1st period - Alex Barre-Boulet wins face-off versus Connor Bunnaman in Crunch zone.
11:56 of 1st period - Slapshot by Adam Boqvist.
11:56 of 1st period - Stopped by Charlie Lindgren without a rebound.
11:57 of 1st period - Jeremy Bracco wins face-off versus Yegor Korshkov in Wolfpack zone.
12:00 of 1st period - Wrist shot by Maxime Comtois.
12:00 of 1st period - Stopped by Charlie Lindgren with a rebound.
12:02 of 1st period - Slapshot by Maxime Comtois.
12:02 of 1st period - Shot Misses the Net.
12:04 of 1st period - Wrist shot by Maxime Comtois.
12:04 of 1st period - Stopped by Charlie Lindgren with a rebound.
12:06 of 1st period - Slapshot by Adam Boqvist.
12:06 of 1st period - Shot Misses the Net.
12:08 of 1st period - Wrist shot by Jean-Sebastien Dea.
12:08 of 1st period - Stopped by Charlie Lindgren without a rebound.
12:09 of 1st period - Jean-Sebastien Dea wins face-off versus Nolan Patrick in Wolfpack zone.
12:20 of 1st period - Snap shot by Jeremy Bracco.
12:20 of 1st period - Shot Misses the Net.
12:22 of 1st period - Slapshot by Jean-Sebastien Dea.
12:22 of 1st period - Shot Misses the Net.
13:19 of 1st period - Off-side.
13:20 of 1st period - Nolan Patrick wins face-off versus Jean-Sebastien Dea in neutral zone.
13:56 of 1st period - Wrist shot by Yegor Korshkov.
13:56 of 1st period - Deflect By Connor Bunnaman.
13:56 of 1st period - Shot Misses the Net.
13:56 of 1st period - Puck is out of play.
13:57 of 1st period - Alex Barre-Boulet wins face-off versus Connor Bunnaman in Crunch zone.
14:27 of 1st period - Snap shot by Dryden Hunt.
14:27 of 1st period - Goal by Dryden Hunt - Crunch : 1 - Wolfpack : 1.
14:28 of 1st period - Nolan Patrick wins face-off versus Jean-Sebastien Dea in neutral zone.
14:59 of 1st period - Off-side.
15:00 of 1st period - Alex Barre-Boulet wins face-off versus Connor Bunnaman in neutral zone.
15:26 of 1st period - K'Andre Miller is hit by Jeremy Bracco and loses puck.
16:12 of 1st period - Colton White is hit by Joe Veleno and loses puck.
16:25 of 1st period - Jeremy Bracco is hit by Alex Barre-Boulet and loses puck.
16:55 of 1st period - Minor Penalty to Liam Foudy for Tripping.
16:56 of 1st period - Maxime Comtois wins face-off versus Nolan Patrick in Crunch zone.
17:43 of 1st period - Off-side.
17:44 of 1st period - Connor Bunnaman wins face-off versus Nolan Patrick in neutral zone.
17:49 of 1st period - Snap shot by Anatoli Golyshev.
17:49 of 1st period - Stopped by Charlie Lindgren with a rebound.
18:29 of 1st period - Nolan Patrick is hit by Ryan Lindgren and loses puck.
18:55 of 1st period - Penalty to Liam Foudy is over, Liam Foudy is back on ice.
19:07 of 1st period - Linus Sandin is hit by Ryan Lindgren and loses puck.
Goals for this period are 1 for Crunch vs 1 for Wolfpack.
Shots for this period are 10 for Crunch vs 8 for Wolfpack.
2nd period
0:01 of 2nd period - Jean-Sebastien Dea wins face-off versus Nolan Patrick in neutral zone.
1:10 of 2nd period - Wrist shot by Sebastian Collberg.
1:10 of 2nd period - Stopped by Ukko-Pekka Luukkonen with a rebound.
1:12 of 2nd period - Snap shot by Derrick Pouliot.
1:12 of 2nd period - Shot Blocked by Thomas Harley.
1:14 of 2nd period - Wrist shot by Sebastian Collberg.
1:14 of 2nd period - Stopped by Ukko-Pekka Luukkonen with a rebound.
1:16 of 2nd period - Wrist shot by Dryden Hunt.
1:16 of 2nd period - Stopped by Ukko-Pekka Luukkonen without a rebound.
1:17 of 2nd period - Jean-Sebastien Dea wins face-off versus Owen Tippet in Crunch zone.
1:50 of 2nd period - Snap shot by Alexander Volkov.
1:50 of 2nd period - Shot Hit the Post.
2:06 of 2nd period - Scott Perunovich is hit by Jake Marchment.
2:10 of 2nd period - Snap shot by Anatoli Golyshev.
2:10 of 2nd period - Shot Misses the Net.
2:26 of 2nd period - Ryan Lindgren is hit by Alexander Barabanov and loses puck.
2:45 of 2nd period - Slapshot by Ryan Lindgren.
2:45 of 2nd period - Stopped by Charlie Lindgren with a rebound.
2:53 of 2nd period - Adam Boqvist is hit by Shane Pinto and loses puck.
3:08 of 2nd period - Snap shot by Anatoli Golyshev.
3:08 of 2nd period - Stopped by Charlie Lindgren with a rebound.
3:10 of 2nd period - Slapshot by Adam Boqvist.
3:10 of 2nd period - Shot Blocked by Jake Marchment.
3:46 of 2nd period - Snap shot by Nolan Patrick.
3:46 of 2nd period - Shot Misses the Net.
4:14 of 2nd period - Michael Joly is hit by Linus Sandin and loses puck.
4:25 of 2nd period - Snap shot by Derrick Pouliot.
4:25 of 2nd period - Deflect By Owen Tippet.
4:25 of 2nd period - Goal by Owen Tippet - Crunch : 1 - Wolfpack : 2.
4:26 of 2nd period - Dryden Hunt wins face-off versus Jean-Sebastien Dea in neutral zone.
4:51 of 2nd period - Jean-Sebastien Dea is hit by Linus Sandin and loses puck.
5:56 of 2nd period - Ryan Culkin is hit by Michael Joly and loses puck.
6:04 of 2nd period - Icing by Ryan Culkin.
6:05 of 2nd period - Connor Bunnaman wins face-off versus Shane Pinto in Wolfpack zone.
6:42 of 2nd period - Wrist shot by Maxime Comtois.
6:42 of 2nd period - Shot Misses the Net.
6:52 of 2nd period - Thomas Harley is hit by K'Andre Miller and loses puck.
6:57 of 2nd period - Snap shot by Alex Barre-Boulet.
6:57 of 2nd period - Deflect By Alexander Barabanov.
6:57 of 2nd period - Stopped by Ukko-Pekka Luukkonen without a rebound.
6:58 of 2nd period - Connor Bunnaman wins face-off versus Alex Barre-Boulet in Crunch zone.
7:00 of 2nd period - Minor Penalty to Liam Foudy for Roughing.
7:01 of 2nd period - Nolan Patrick wins face-off versus Jean-Sebastien Dea in Crunch zone.
7:15 of 2nd period - Wrist shot by Nolan Patrick.
7:15 of 2nd period - Shot Misses the Net.
7:17 of 2nd period - Snap shot by Sebastian Collberg.
7:17 of 2nd period - Shot Misses the Net.
9:00 of 2nd period - Penalty to Liam Foudy is over, Liam Foudy is back on ice.
9:10 of 2nd period - Minor Penalty to Jakub Lauko for Holding Stick.
9:11 of 2nd period - Dylan Cozens wins face-off versus Nolan Patrick in Wolfpack zone.
9:17 of 2nd period - Snap shot by Ty Dellandrea.
9:17 of 2nd period - Shot Misses the Net.
11:07 of 2nd period - K'Andre Miller is hit by Jean-Sebastien Dea and loses puck.
11:10 of 2nd period - Penalty to Jakub Lauko is over, Jakub Lauko is back on ice.
11:18 of 2nd period - K'Andre Miller is hit by Adam Boqvist and loses puck.
12:04 of 2nd period - Cale Fleury is hit by Dylan Cozens and loses puck.
12:29 of 2nd period - Cam Hillis is hit by Nolan Patrick and loses puck.
13:04 of 2nd period - Colton White is hit by Jeremy Bracco and loses puck.
13:45 of 2nd period - Jeremy Bracco is hit by Nolan Patrick and loses puck.
13:58 of 2nd period - Joe Veleno is hit by Cale Fleury and loses puck.
14:11 of 2nd period - Ryan Culkin is hit by Scott Perunovich and loses puck.
14:41 of 2nd period - Dylan Cozens is hit by Owen Tippet and loses puck.
15:10 of 2nd period - Colton White is hit by Michael Joly and loses puck.
15:35 of 2nd period - Anatoli Golyshev is hit by Alexander Barabanov and loses puck.
15:53 of 2nd period - Jean-Sebastien Dea is hit by Jake Marchment and loses puck.
16:14 of 2nd period - Wrist shot by Ryan Culkin.
16:14 of 2nd period - Stopped by Ukko-Pekka Luukkonen with a rebound.
16:20 of 2nd period - K'Andre Miller is hit by Brandon Biro and loses puck.
16:31 of 2nd period - Ryan Lindgren is hit by Alex Barre-Boulet and loses puck.
16:40 of 2nd period - Alex Barre-Boulet is hit by Joe Veleno and loses puck.
17:21 of 2nd period - Gustav Lindstrom is hit by Dryden Hunt and loses puck.
17:34 of 2nd period - Yegor Korshkov is hit by Ty Dellandrea and loses puck.
17:39 of 2nd period - Snap shot by Dylan Cozens.
17:39 of 2nd period - Shot Blocked by Cale Fleury.
18:01 of 2nd period - Snap shot by Alex Barre-Boulet.
18:01 of 2nd period - Goal by Alex Barre-Boulet - Crunch : 1 - Wolfpack : 3.
18:02 of 2nd period - Jean-Sebastien Dea wins face-off versus Nolan Patrick in neutral zone.
18:05 of 2nd period - Wrist shot by Maxime Comtois.
18:05 of 2nd period - Stopped by Charlie Lindgren without a rebound.
18:06 of 2nd period - Jean-Sebastien Dea wins face-off versus Nolan Patrick in Wolfpack zone.
18:36 of 2nd period - Slapshot by Colton White.
18:36 of 2nd period - Stopped by Ukko-Pekka Luukkonen with a rebound.
18:58 of 2nd period - Slapshot by Dylan Cozens.
18:58 of 2nd period - Stopped by Charlie Lindgren with a rebound.
19:00 of 2nd period - Snap shot by Dylan Cozens.
19:00 of 2nd period - Stopped by Charlie Lindgren without a rebound.
19:01 of 2nd period - Jean-Sebastien Dea wins face-off versus Nolan Patrick in Wolfpack zone.
19:12 of 2nd period - Snap shot by Jean-Sebastien Dea.
19:12 of 2nd period - Deflect By Ryan Culkin.
19:12 of 2nd period - Shot Blocked by Ryan Culkin.
19:12 of 2nd period - Puck is out of play.
19:13 of 2nd period - Nolan Patrick wins face-off versus Jean-Sebastien Dea in Wolfpack zone.
19:27 of 2nd period - Slapshot by Sebastian Collberg.
19:27 of 2nd period - Stopped by Ukko-Pekka Luukkonen with a rebound.
19:39 of 2nd period - Alexander Barabanov is hit by Anatoli Golyshev.
Goals for this period are 0 for Crunch vs 2 for Wolfpack.
Shots for this period are 5 for Crunch vs 9 for Wolfpack.
3rd period
0:01 of 3rd period - Jean-Sebastien Dea wins face-off versus Sebastian Collberg in neutral zone.
0:08 of 3rd period - Wrist shot by Maxime Comtois.
0:08 of 3rd period - Stopped by Charlie Lindgren without a rebound.
0:09 of 3rd period - Jean-Sebastien Dea wins face-off versus Nolan Patrick in Wolfpack zone.
0:42 of 3rd period - Snap shot by Jeremy Bracco.
0:42 of 3rd period - Goal by Jeremy Bracco - Crunch : 2 - Wolfpack : 3.
0:43 of 3rd period - Connor Bunnaman wins face-off versus Alex Barre-Boulet in neutral zone.
1:43 of 3rd period - Minor Penalty to Yegor Korshkov for Roughing.
1:44 of 3rd period - Jean-Sebastien Dea wins face-off versus Nolan Patrick in Wolfpack zone.
1:48 of 3rd period - Snap shot by Jeremy Bracco.
1:48 of 3rd period - Stopped by Charlie Lindgren without a rebound.
1:49 of 3rd period - Jean-Sebastien Dea wins face-off versus Nolan Patrick in Wolfpack zone.
1:52 of 3rd period - Wrist shot by Maxime Comtois.
1:52 of 3rd period - Stopped by Charlie Lindgren without a rebound.
1:53 of 3rd period - Nolan Patrick wins face-off versus Jean-Sebastien Dea in Wolfpack zone.
2:08 of 3rd period - Snap shot by Maxime Comtois.
2:08 of 3rd period - Shot Misses the Net.
2:10 of 3rd period - Backhand shot by Jean-Sebastien Dea.
2:10 of 3rd period - Shot Misses the Net.
2:12 of 3rd period - Slapshot by Adam Boqvist.
2:12 of 3rd period - Shot Misses the Net.
2:14 of 3rd period - Slapshot by Adam Boqvist.
2:14 of 3rd period - Deflect By Jean-Sebastien Dea.
2:14 of 3rd period - Stopped by Charlie Lindgren with a rebound.
2:16 of 3rd period - Snap shot by Jeremy Bracco.
2:16 of 3rd period - Stopped by Charlie Lindgren without a rebound.
2:17 of 3rd period - Dylan Cozens wins face-off versus Nolan Patrick in Wolfpack zone.
2:18 of 3rd period - Snap shot by Joe Veleno.
2:18 of 3rd period - Shot Blocked by Nolan Patrick.
2:20 of 3rd period - Snap shot by Adam Boqvist.
2:20 of 3rd period - Shot Blocked by Colton White.
2:22 of 3rd period - Slapshot by Ryan Lindgren.
2:22 of 3rd period - Shot Blocked by Colton White.
2:26 of 3rd period - Slapshot by Adam Boqvist.
2:26 of 3rd period - Stopped by Charlie Lindgren without a rebound.
2:27 of 3rd period - Nolan Patrick wins face-off versus Dylan Cozens in Wolfpack zone.
2:44 of 3rd period - Snap shot by Ty Dellandrea.
2:44 of 3rd period - Goal by Ty Dellandrea - Crunch : 3 - Wolfpack : 3.
2:45 of 3rd period - Jean-Sebastien Dea wins face-off versus Nolan Patrick in neutral zone.
4:04 of 3rd period - Backhand shot by Jeremy Bracco.
4:04 of 3rd period - Stopped by Charlie Lindgren with a rebound.
4:24 of 3rd period - Wrist shot by Alexander Volkov.
4:24 of 3rd period - Stopped by Ukko-Pekka Luukkonen without a rebound.
4:25 of 3rd period - Alex Barre-Boulet wins face-off versus Cam Hillis in Crunch zone.
4:28 of 3rd period - Wrist shot by Alex Barre-Boulet.
4:28 of 3rd period - Deflect By Alexander Barabanov.
4:28 of 3rd period - Stopped by Ukko-Pekka Luukkonen without a rebound.
4:29 of 3rd period - Jean-Sebastien Dea wins face-off versus Alex Barre-Boulet in Crunch zone.
4:34 of 3rd period - Slapshot by Adam Boqvist.
4:34 of 3rd period - Deflect By Jeremy Bracco.
4:34 of 3rd period - Stopped by Charlie Lindgren with a rebound.
4:56 of 3rd period - Liam Foudy is hit by Nolan Patrick.
5:22 of 3rd period - Snap shot by Linus Sandin.
5:22 of 3rd period - Shot Misses the Net.
5:24 of 3rd period - Slapshot by Derrick Pouliot.
5:24 of 3rd period - Stopped by Ukko-Pekka Luukkonen without a rebound.
5:25 of 3rd period - Nolan Patrick wins face-off versus Jean-Sebastien Dea in Crunch zone.
5:50 of 3rd period - Connor Bunnaman is hit by Derrick Pouliot and loses puck.
6:11 of 3rd period - Ty Dellandrea is hit by Ryan Culkin and loses puck.
6:20 of 3rd period - Snap shot by Jake Marchment.
6:20 of 3rd period - Shot Misses the Net.
6:30 of 3rd period - Slapshot by Nils Lundkvist.
6:30 of 3rd period - Shot Misses the Net.
6:38 of 3rd period - K'Andre Miller is hit by Jean-Sebastien Dea and loses puck.
7:13 of 3rd period - Nolan Patrick is hit by Anatoli Golyshev and loses puck.
7:42 of 3rd period - Minor Penalty to Alexander Barabanov for Holding.
7:43 of 3rd period - Jean-Sebastien Dea wins face-off versus Nolan Patrick in Wolfpack zone.
7:45 of 3rd period - Snap shot by Jeremy Bracco.
7:45 of 3rd period - Shot Misses the Net.
8:19 of 3rd period - Derrick Pouliot is hit by Jeremy Bracco and loses puck.
8:52 of 3rd period - Yegor Korshkov is hit by Ty Dellandrea and loses puck.
9:42 of 3rd period - Penalty to Alexander Barabanov is over, Alexander Barabanov is back on ice.
9:53 of 3rd period - Slapshot by Alex Barre-Boulet.
9:53 of 3rd period - Shot Blocked by Liam Foudy.
9:55 of 3rd period - Snap shot by Alex Barre-Boulet.
9:55 of 3rd period - Stopped by Ukko-Pekka Luukkonen without a rebound.
9:56 of 3rd period - Alex Barre-Boulet wins face-off versus Connor Bunnaman in Crunch zone.
9:59 of 3rd period - Wrist shot by Alexander Barabanov.
9:59 of 3rd period - Shot Blocked by Liam Foudy.
10:05 of 3rd period - Snap shot by Alexander Barabanov.
10:05 of 3rd period - Shot Misses the Net.
10:07 of 3rd period - Snap shot by Alex Barre-Boulet.
10:07 of 3rd period - Stopped by Ukko-Pekka Luukkonen without a rebound.
10:08 of 3rd period - Dryden Hunt wins face-off versus Connor Bunnaman in Crunch zone.
10:39 of 3rd period - Snap shot by Maxime Comtois.
10:39 of 3rd period - Stopped by Charlie Lindgren without a rebound.
10:40 of 3rd period - Jean-Sebastien Dea wins face-off versus Alex Barre-Boulet in Wolfpack zone.
10:51 of 3rd period - Snap shot by K'Andre Miller.
10:51 of 3rd period - Deflect By Alexander Barabanov.
10:51 of 3rd period - Stopped by Ukko-Pekka Luukkonen with a rebound.
10:53 of 3rd period - Snap shot by Alexander Barabanov.
10:53 of 3rd period - Shot Blocked by Jean-Sebastien Dea.
10:55 of 3rd period - Snap shot by Owen Tippet.
10:55 of 3rd period - Stopped by Ukko-Pekka Luukkonen with a rebound.
11:33 of 3rd period - Slapshot by Ty Dellandrea.
11:33 of 3rd period - Stopped by Charlie Lindgren with a rebound.
11:35 of 3rd period - Slapshot by Ryan Lindgren.
11:35 of 3rd period - Stopped by Charlie Lindgren without a rebound.
11:36 of 3rd period - Jean-Sebastien Dea wins face-off versus Alex Barre-Boulet in Wolfpack zone.
11:43 of 3rd period - Jeremy Bracco is hit by Alexander Barabanov and loses puck.
11:53 of 3rd period - Icing by Maxime Comtois.
11:54 of 3rd period - Nolan Patrick wins face-off versus Jean-Sebastien Dea in Crunch zone.
13:01 of 3rd period - Ty Dellandrea is hit by Ryan Culkin and loses puck.
13:06 of 3rd period - Wrist shot by Sebastian Collberg.
13:06 of 3rd period - Shot Blocked by Brandon Biro.
13:08 of 3rd period - Slapshot by Joshua Jacobs.
13:08 of 3rd period - Shot Misses the Net.
13:30 of 3rd period - Snap shot by Brandon Biro.
13:30 of 3rd period - Stopped by Charlie Lindgren with a rebound.
13:45 of 3rd period - Off-side.
13:46 of 3rd period - Jean-Sebastien Dea wins face-off versus Shane Pinto in neutral zone.
13:55 of 3rd period - Snap shot by Jakub Lauko.
13:55 of 3rd period - Stopped by Ukko-Pekka Luukkonen without a rebound.
13:56 of 3rd period - Nolan Patrick wins face-off versus Jean-Sebastien Dea in Crunch zone.
14:08 of 3rd period - Snap shot by Jean-Sebastien Dea.
14:08 of 3rd period - Stopped by Charlie Lindgren without a rebound.
14:09 of 3rd period - Jean-Sebastien Dea wins face-off versus Nolan Patrick in Wolfpack zone.
14:22 of 3rd period - Snap shot by Maxime Comtois.
14:22 of 3rd period - Shot Misses the Net.
14:24 of 3rd period - Snap shot by Jean-Sebastien Dea.
14:24 of 3rd period - Stopped by Charlie Lindgren with a rebound.
15:03 of 3rd period - Joe Veleno is hit by Alexander Barabanov and loses puck.
16:18 of 3rd period - Snap shot by Joe Veleno.
16:18 of 3rd period - Shot Blocked by Owen Tippet.
16:28 of 3rd period - Minor Penalty to Adam Boqvist for Hooking.
16:29 of 3rd period - Sebastian Collberg wins face-off versus Jean-Sebastien Dea in Crunch zone.
17:40 of 3rd period - Jean-Sebastien Dea is hit by Alexander Barabanov.
18:28 of 3rd period - Penalty to Adam Boqvist is over, Adam Boqvist is back on ice.
19:26 of 3rd period - Snap shot by Owen Tippet.
19:26 of 3rd period - Stopped by Ukko-Pekka Luukkonen without a rebound.
19:27 of 3rd period - Jake Marchment wins face-off versus Jean-Sebastien Dea in Crunch zone.
19:34 of 3rd period - Wrist shot by Jake Marchment.
19:34 of 3rd period - Shot Misses the Net.
19:36 of 3rd period - Slapshot by Derrick Pouliot.
19:36 of 3rd period - Shot Misses the Net.
19:38 of 3rd period - Snap shot by Jake Marchment.
19:38 of 3rd period - Shot Misses the Net.
19:42 of 3rd period - Snap shot by Linus Sandin.
19:42 of 3rd period - Stopped by Ukko-Pekka Luukkonen without a rebound.
19:43 of 3rd period - Jean-Sebastien Dea wins face-off versus Jake Marchment in Crunch zone.
19:43 of 3rd period - Jean-Sebastien Dea is hit by Alex Barre-Boulet.
19:46 of 3rd period - Minor Penalty to Maxime Comtois for Holding.
19:47 of 3rd period - Jean-Sebastien Dea wins face-off versus Nolan Patrick in Crunch zone.
Goals for this period are 2 for Crunch vs 0 for Wolfpack.
Shots for this period are 16 for Crunch vs 10 for Wolfpack.
Overtime #1
0:01 of 1st overtime period - Nolan Patrick wins face-off versus Jean-Sebastien Dea in neutral zone.
0:08 of 1st overtime period - Snap shot by Dryden Hunt.
0:08 of 1st overtime period - Stopped by Ukko-Pekka Luukkonen with a rebound.
0:14 of 1st overtime period - Wrist shot by Dryden Hunt.
0:14 of 1st overtime period - Stopped by Ukko-Pekka Luukkonen with a rebound.
0:46 of 1st overtime period - Snap shot by Alex Barre-Boulet.
0:46 of 1st overtime period - Goal by Alex Barre-Boulet - Crunch : 3 - Wolfpack : 4.
Goals for this period are 0 for Crunch vs 1 for Wolfpack.
Shots for this period are 0 for Crunch vs 3 for Wolfpack.